 Dungeon Crawl Stone Soup version 0.17-a0-2058-g8b0eb12 (webtiles) character file.

19768 Burgietje the Carver (level 12, -2/117 HPs)
             Began as a Minotaur Berserker on Oct 12, 2015.
             Was a High Priest of Trog.
             Slain by an 18-headed hydra (7 damage)
             ... on level 4 of the Lair of Beasts.
             The game lasted 00:40:28 (15073 turns).

Burgietje the Carver (Minotaur Berserker)          Turns: 15073, Time: 00:40:28

Health: -2/117     AC: 22    Str: 22    XL:     12   Next: 39%
Magic:  3/3        EV: 13    Int:  4    God:    Trog [*****.]
Gold:   1076       SH:  0    Dex: 17    Spells: 0 memorised, 11 levels left

rFire  . . .     SeeInvis .     a - +3 falchion (antimagic)
rCold  . . .     Clarity  .     j - +0 plate armour
rNeg   . . .     SustAt   .     (no shield)
rPois  .         Gourm    +     z - +1 hat
rElec  .         Spirit   .     o - +0 cloak
rCorr  .         Warding  .     B - +0 pair of gloves
rMut   .         Stasis   .     t - +0 pair of boots
MR     .....                    k - amulet of the gourmand
Stlth  ..........               f - +2 ring of dexterity
                                O - +6 ring of protection

@: exhausted, slowed, very slow, not resistant to hostile enchantments,
extremely unstealthy
A: retaliatory headbutt, horns 2
a: Burn Spellbooks, Berserk, Trog's Hand, Brothers in Arms, Renounce Religion


You were on level 4 of the Lair of Beasts.
You worshipped Trog.
Trog was extremely pleased with you.
You were very full.

You visited 3 branches of the dungeon, and saw 15 of its levels.

You collected 1076 gold pieces.

Inventory:

Hand Weapons
 a - a +3 antimagic falchion (weapon)
 h - the +7 hand axe of Welfare {chop, *Contam rPois rC+ Int+2}
   (You found it on level 6 of the Dungeon)

   It inflicts extra damage upon your enemies.
   It affects your intelligence (+2).
   It protects you from cold.
   It protects you from poison.
   It causes magical contamination when unequipped.
 E - a +3 short sword of freezing
Armour
 j - a +0 plate armour (worn)
 o - a +0 cloak (worn)
 t - a +0 pair of boots (worn)
 z - a +1 hat (worn)
 B - a +0 pair of gloves (worn)
Jewellery
 b - an uncursed ring of sustain attributes
 f - a +2 ring of dexterity (right hand)
 k - an amulet of the gourmand (around neck)
 w - an uncursed amulet of resist corrosion
 O - a +6 ring of protection (left hand)
 S - an uncursed ring of magical power {unknown}
Wands
 i - a wand of frost (35)
 y - a wand of magic darts (29)
 L - a wand of teleportation (5)
 Q - a wand of draining (9)
 U - a wand of fire (5)
 X - a wand of digging (13)
 Y - a wand of frost (19)
Scrolls
 e - a scroll of fog
 u - 2 scrolls of recharging
 v - a scroll of enchant weapon
 x - 9 scrolls of remove curse
 A - 2 scrolls of enchant armour
 K - 2 scrolls of magic mapping
 N - a scroll of fear
 P - 4 scrolls of teleportation
 R - 3 scrolls of identify
 T - a scroll of blinking {unknown}
 V - a scroll of brand weapon {unknown}
Potions
 d - 4 potions of brilliance
 g - 2 potions of heal wounds
 m - 3 potions of ambrosia
 p - a potion of invisibility
 q - a potion of agility
 r - 8 potions of curing
 C - 2 potions of haste {unknown}
 D - 2 potions of berserk rage {unknown}
 F - 2 potions of might {unknown}
 I - 3 potions of magic {unknown}
 J - 5 potions of lignification {unknown}
 M - a potion of cure mutation
 W - a potion of flight {unknown}
Comestibles
 c - 12 bread rations
 l - 10 meat rations
 n - 4 beef jerkies
 s - 10 slices of pizza
 G - 19 fruits
 H - a royal jelly
 Z - a chunk of flesh


   Skills:
 - Level 14.0 Fighting
 - Level 14.7 Long Blades
 + Level 4.7 Armour
 + Level 12.1 Dodging


You had 11 spell levels left.
You didn't know any spells.

Dungeon Overview and Level Annotations

Branches:
Dungeon (10/15)            Temple (0/1) D:6            Lair (4/8) D:8
  Swamp (1/4) Lair:3
  Snake: Lair:3-6    Spider: Lair:3-6       Orc: D:9-12

Altars:
Cheibriados
Nemelex Xobeh
Sif Muna

Shops:
D:7 =


Innate Abilities, Weirdness & Mutations

You reflexively headbutt those who attack you in melee.
You have a pair of horns on your head.


Message History

* * * LOW HITPOINT WARNING * * *
The 18-headed hydra bites you but does no damage. x2
The 18-headed hydra misses you. The 18-headed hydra bites you.
* * * LOW HITPOINT WARNING * * *
The 18-headed hydra bites you but does no damage.
The 18-headed hydra bites you.
* * * LOW HITPOINT WARNING * * *
The 18-headed hydra barely misses you.
Use which ability?
You're too exhausted to go berserk.
Use which ability?
Your troll goes berserk!
You feel somewhat less full. The 18-headed hydra bites you.
* * * LOW HITPOINT WARNING * * *
The 18-headed hydra bites you but does no damage.
The 18-headed hydra closely misses you. The 18-headed hydra bites you.
* * * LOW HITPOINT WARNING * * *
The 18-headed hydra bites you but does no damage.
The 18-headed hydra bites you!
You die... .................. ....#................
P.P

#P..#####............ ..# ....#.
#............
#.####..#.###............ ######
#.P##.....#..#...#.......
##.#.P###.####.T............P#.#.
...........#.#.......#.##..PP...#
..#.###.........@...######..PP.##
.#### ##.......#D##P# #P....###
.P# #P...P...#### ##.###.## .###
#..#.###.# ####...# ...#
##...##### ##.#. ...####..#..#.#
###. P.###....#....## #.
#..............# ##.
#........#..##.## #..


You could see a 18-headed hydra and a friendly troll (berserk).

Vanquished Creatures
  Fannar (D:10)
  2 hydras (Lair:3)
  Nergalle (D:10)
  The ghost of Vex the Ducker, a novice TrFi of Okawaru (D:8)
  4 black mambas
  A gargoyle (D:10)
  A spiny frog (Lair:3)
  2 komodo dragons
  2 fire drakes
  Grinder (D:6)
  A two-headed ogre (D:9)
  A wyvern (D:10)
  7 blink frogs
  Sigmund (D:6)
  A deep elf mage (D:9)
  12 yaks
  A spriggan (D:8)
  2 basilisks
  4 hippogriffs
  4 wolves (Lair:1)
  Edmund (D:5)
  A mottled dragon (D:9)
  6 porcupines
  9 water moccasins
  Duvessa (D:4)
  3 sky beasts
  4 centaurs
  A wasp (D:10)
  A phantom (D:6)
  4 orc warriors
  5 ogres
  5 ice beasts
  6 crocodiles
  Dowan (D:4)
  A big kobold (D:9)
  3 scorpions
  6 giant frogs
  17 wights
  14 killer bees
  5 crimson imps
  2 giant frog zombies
  7 orc priests
  2 quasits
  8 hounds
  Crazy Yiuf (D:2)
  A giant frog skeleton (D:7)
  8 orc wizards
  Natasha (thrice) (D:2)
  11 iguanas
  2 centaur skeletons
  6 worker ants
  2 hound zombies
  A hound skeleton (D:6)
  Robin (D:2)
  12 adders
  33 river rats
  4 shadow imps
  3 oozes
  An adder skeleton (D:8)
  4 worms
  3 giant geckos
  46 orcs
  6 bats
  7 giant cockroaches
  6 hobgoblins
  7 kobolds
  4 quokkas
  A ball python (D:5)
  4 giant newts
  13 goblins
  A jackal skeleton (D:7)
  A quokka zombie (D:8)
  7 rats
362 creatures vanquished.

Vanquished Creatures (others)
  6 fungi
  2 plants (Lair:4)
8 creatures vanquished.

Grand Total: 370 creatures vanquished

Notes
Turn   | Place    | Note
--------------------------------------------------------------
     0 | D:1      | Burgietje the Minotaur Berserker began the quest for the Orb.
     0 | D:1      | Reached XP level 1. HP: 19/19 MP: 0/0
   137 | D:1      | Reached skill level 4 in Long Blades
   148 | D:1      | Reached XP level 2. HP: 27/27 MP: 1/1
   953 | D:2      | Acquired Trog's second power
   985 | D:2      | Reached XP level 3. HP: 32/34 MP: 2/2
  1006 | D:2      | Noticed Robin
  1021 | D:2      | Killed Robin
  1163 | D:2      | Reached skill level 5 in Fighting
  1164 | D:2      | Reached XP level 4. HP: 30/42 MP: 3/3
  1418 | D:2      | Noticed Natasha
  1423 | D:2      | Reached skill level 5 in Long Blades
  1432 | D:2      | Killed Natasha
  1567 | D:2      | Noticed Natasha
  1586 | D:2      | Killed Natasha
  1662 | D:2      | Noticed Natasha
  1671 | D:2      | Killed Natasha
  1812 | D:2      | Noticed Crazy Yiuf
  1821 | D:2      | Killed Crazy Yiuf
  1821 | D:2      | Reached XP level 5. HP: 10/50 MP: 4/4
  1840 | D:2      | HP: 2/50 [poisoned by Crazy Yiuf]
  2424 | D:3      | Reached skill level 6 in Fighting
  2749 | D:3      | Reached XP level 6. HP: 47/58 MP: 5/5
  2844 | D:3      | Found a sparkling altar of Nemelex Xobeh.
  2844 | D:3      | Found a snail-covered altar of Cheibriados.
  3059 | D:4      | Noticed Duvessa
  3059 | D:4      | Noticed Dowan
  3073 | D:4      | Killed Duvessa
  3073 | D:4      | Reached skill level 7 in Fighting
  3078 | D:4      | Killed Dowan
  3078 | D:4      | Reached XP level 7. HP: 33/66 MP: 6/6
  3637 | D:5      | Entered Level 5 of the Dungeon
  3766 | D:5      | Reached skill level 8 in Fighting
  4186 | D:5      | Noticed Edmund
  4199 | D:5      | Killed Edmund
  4199 | D:5      | Reached XP level 8. HP: 53/77 MP: 7/7
  4238 | D:5      | Reached skill level 9 in Fighting
  4283 | D:6      | Got a steaming lead ring
  4432 | D:6      | Acquired Trog's third power
  4725 | D:6      | Identified the ring of Atheism {+/*Tele Str+4} (You found it on level 6 of the Dungeon)
  4765 | D:6      | Noticed Grinder
  4769 | D:6      | Paralysed by Grinder for 3 turns
  4796 | D:6      | Killed Grinder
  4796 | D:6      | Reached skill level 10 in Fighting
  4796 | D:6      | Reached skill level 10 in Long Blades
  5036 | D:6      | Got a crude hand axe
  5064 | D:6      | Found a staircase to the Ecumenical Temple.
  5093 | D:6      | Identified the +7 hand axe of Welfare {chop, *Contam rPois rC+ Int+2} (You found it on level 6 of the Dungeon)
  5134 | D:6      | Gained mutation: Armour fits poorly on your strangely shaped body. [mutagenic glow]
  5321 | D:6      | Reached XP level 9. HP: 84/86 MP: 8/8
  5362 | D:6      | Noticed Sigmund
  5374 | D:6      | Killed Sigmund
  5590 | D:7      | Reached skill level 11 in Fighting
  5664 | D:7      | Found Cisecwin's Jewellery Emporium.
  6679 | D:7      | Gained mutation: You are occasionally teleported to nearby monsters. [mutagenic meat]
  6680 | D:7      | Gained mutation: You have an increased reservoir of magic (+10% MP). [mutagenic meat]
  6681 | D:7      | Gained mutation: Scrolls take you a little longer to read. [mutagenic meat]
  6682 | D:7      | Lost mutation: Armour fits poorly on your strangely shaped body. [potion of cure mutation]
  6682 | D:7      | Lost mutation: Scrolls take you a little longer to read. [potion of cure mutation]
  6682 | D:7      | Lost mutation: You have an increased reservoir of magic (+10% MP). [potion of cure mutation]
  6682 | D:7      | Lost mutation: You are occasionally teleported to nearby monsters. [potion of cure mutation]
  7050 | D:8      | Reached skill level 12 in Fighting
  7119 | D:8      | Noticed Vex's ghost (novice TrFi)
  7145 | D:8      | Killed Vex's ghost
  7145 | D:8      | Reached XP level 10. HP: 91/97 MP: 9/9
  7854 | D:8      | Reached skill level 5 in Dodging
  8080 | D:8      | Found a staircase to the Lair.
  8199 | D:9      | Received a gift from Trog
  8222 | D:9      | Reached skill level 13 in Long Blades
  8853 | D:9      | Found a deep blue altar of Sif Muna.
  8987 | D:9      | Got a warped ring mail
  9262 | D:10     | Entered Level 10 of the Dungeon
  9417 | D:9      | Reached XP level 11. HP: 52/104 MP: 3/10
  9421 | D:9      | Reached skill level 14 in Long Blades
 10182 | D:10     | Noticed Fannar
 10205 | D:10     | HP: 3/104 [ice beast[Fannar] (13)]
 10213 | D:10     | Killed Fannar
 10553 | D:10     | Noticed Nergalle
 10633 | D:10     | Killed Nergalle
 10644 | D:10     | HP: 5/104 [water moccasin (4)]
 11423 | Lair:1   | Entered Level 1 of the Lair of Beasts
 11613 | Lair:1   | Reached skill level 10 in Dodging
 12987 | Lair:2   | Received a gift from Trog
 13321 | Lair:2   | Reached XP level 12. HP: 79/115 MP: 3/11
 13753 | Lair:3   | Noticed a five-headed hydra
 13757 | Lair:3   | Killed an eight-headed hydra
 13810 | Lair:3   | Found a staircase to the Swamp.
 13841 | Swamp:1  | Entered Level 1 of the Swamp
 13841 | Swamp:1  | Noticed a five-headed hydra
 13964 | Lair:3   | Noticed an eight-headed hydra
 13975 | Lair:3   | Killed a 15-headed hydra
 15056 | Lair:4   | Noticed a six-headed hydra
 15073 | Lair:4   | HP: 5/117 [18-headed hydra (6)]
 15073 | Lair:4   | Slain by an 18-headed hydra

Vault maps used:
D:1:      dpeg_arrival_court
D:2:      kennysheep_generic_room_6, uniq_natasha, uniq_robin,
          uniq_crazy_yiuf_cottage
D:3:      minitemple, first_bread, serial_glass, glass_columns_c,
          glass_columns_b, minivault_5
D:4:      uniq_duvessa
D:5:      uniq_edmund
D:6:      minmay_temple_entry_glassed_door, uniq_sigmund, uniq_grinder
D:7:      serial_shops, nicolae_shop_behind_doors
D:8:      nicolae_overflow_hidden_temple, lair_0_dummy, grunt_pizzeria
D:9:      minmay_curly_fans, lemuel_blue_sif_altar
D:10:     uniq_fannar, uniq_nergalle
Lair:1:   lemuel_fruit_tree, infiniplex_staircase_pool_2
Lair:3:   swamp_mist_pool
Swamp:1:  nicolae_swamp_round_clearing, uniq_kirke

Action                   |  1- 3 |  4- 6 |  7- 9 | 10-12 || total
-------------------------+-------+-------+-------+-------++-------
Melee: Falchion          |    75 |   166 |   143 |   767 ||  1151
       Short sword       |       |       |   180 |   138 ||   318
Invok: Berserk           |       |       |     4 |     8 ||    12
       Burn Spellbooks   |       |       |     2 |     2 ||     4
       Brothers in Arms  |       |       |       |     1 ||     1
  Use: Scroll            |       |     9 |    10 |     3 ||    22
       Potion            |       |       |     1 |     1 ||     2
 Stab: Sleeping          |     1 |       |       |       ||     1
  Eat: Chunk             |     1 |    20 |    29 |    34 ||    84
